Map: [ESL] Inside and Out

Players

HeroMarine - Winner!

  • Race: Terran Terran
  • Spawn Location: 7:00

ShoWTimE

  • Race: Protoss Protoss
  • Spawn Location: 1:00

Event: DreamHack SC2 Masters 2022 Atlanta (Online)

VOD

Have the link to the VOD?

Description

Time

  • Played on: Oct. 11, 2022, 12:50 p.m.
  • Length: 16:41

All games in this series

Show
View Real Time Build Order
Export as new Build Order

HeroMarine Terran - Winner!

Build Orders: Gas First Reaper Expand 

Get SALT Encoding   

  12  0:00  SCV  
  13  0:12  SCV  
  14  0:16  Supply Depot  
  14  0:24  SCV  
  14  0:28  Refinery  
  15  0:38  SCV  
  16  0:44  Barracks  
  16  0:50  SCV  
  17  1:02  SCV  
  18  1:14  SCV  
  19  1:31  Reaper, Orbital Command  
  20  1:45  Command Center  
  20  1:55  Factory  
  20  1:57  SCV  
  21  2:04  Refinery  
  21  2:07  Barracks Reactor  
  21  2:10  SCV  
  22  2:16  Supply Depot  
  23  2:24  Marine  
  23  2:26  Bunker  
  23  2:37  SCV  
  23  2:40  Widow Mine  
  23  2:42  Marine  
  25  2:49  SCV  
  23  3:01  Barracks Reactor  
  23  3:02  SCV  
  23  3:04  Orbital Command  
  24  3:15  Widow Mine  
  24  3:16  SCV  
  24  3:28  SCV  
  25  3:34  SCV  
  25  3:38  Marine x2  
  25  3:40  SCV  
  28  3:47  Supply Depot  
  28  3:50  Factory Tech Lab  
  28  3:54  Starport  
  27  3:58  Marine x2  
  27  4:01  SCV  
  30  4:03  SCV  
  31  4:11  Supply Depot  
  31  4:13  SCV  
  31  4:15  SCV  
  31  4:16  Factory Tech Lab  
  33  4:24  Marine x2  
  33  4:25  SCV  
  33  4:27  SCV  
  37  4:36  Siege Tank  
  37  4:37  SCV, Raven  
  43  4:42  Marine x2  
  46  4:46  Supply Depot  
  46  4:47  Orbital Command  
  46  4:50  SCV  
  46  4:55  Barracks  
  46  5:00  Marine x2  
  46  5:02  SCV  
  49  5:08  Siege Tank  
  49  5:13  Barracks  
  52  5:15  SCV x2  
  52  5:19  Supply Depot  
  54  5:25  Engineering Bay  
  54  5:27  SCV x2  
  56  5:32  Marine x2  
  58  5:39  SCV  
  58  5:40  SCV  
  60  5:43  Supply Depot  
  60  5:50  Terran Infantry Weapons Level 1  
  60  5:51  SCV  
  60  5:52  SCV, Stimpack  
  60  5:55  Starport Reactor  
  62  5:58  Refinery, Factory Reactor  
  62  6:01  Marine x2  
  62  6:04  SCV x2  
  65  6:06  Factory Tech Lab, Marine  
  65  6:10  Supply Depot  
  66  6:16  SCV x2  
  68  6:18  Supply Depot  
  68  6:19  Refinery, Marine x3  
  68  6:22  Combat Shield  
  70  6:28  SCV x2  
  70  6:32  Siege Tank  
  75  6:33  Marine  
  75  6:38  Marine  
  75  6:39  Marine x2  
  79  6:40  SCV x2  
  79  6:44  Medivac  
  83  6:49  Medivac  
  83  6:52  Supply Depot  
  83  6:54  Supply Depot  
  86  6:55  Marauder  
  86  6:59  Marauder  
  86  7:00  Marine x2  
  91  7:03  Supply Depot  
  91  7:07  SCV x2  
  93  7:12  Factory Reactor  
  93  7:17  Marauder  
  93  7:19  Marine x2  
  93  7:20  Marauder  
  93  7:21  Supply Depot  
  99  7:29  Medivac x2  
  103  7:37  Marine x2  
  103  7:38  Marauder  
  103  7:41  Marauder  
  103  7:42  Concussive Shells  
  107  7:47  Terran Infantry Armor Level 1  
  107  7:48  Command Center  
  107  7:52  SCV  
  107  7:54  SCV  
  109  7:59  Marauder  
  109  8:00  Marine x2  
  109  8:03  Marauder  
  115  8:12  SCV, Barracks  
  116  8:14  SCV  
  116  8:15  Barracks  
  116  8:18  Marine  
  118  8:21  Marauder  
  118  8:24  SCV  
  118  8:25  Marine x2  
  118  8:26  SCV  
  121  8:36  SCV  
  121  8:38  SCV  
  119  8:41  Marine  
  119  8:42  Marauder  
  119  8:43  Marine  
  119  8:44  Marauder  
  121  8:49  SCV  
  121  8:50  SCV  
  121  8:59  Marine  
  121  9:01  Marine  
  123  9:03  Barracks Reactor  
  123  9:04  Marauder  
  123  9:05  Medivac x2, Marauder x2  
  123  9:07  SCV x2  
  116  9:19  SCV x2  
  116  9:20  Marine x2  
  119  9:24  Widow Mine x2  
  119  9:27  Marauder  
  123  9:34  Orbital Command  
  123  9:35  Marauder  
  123  9:36  Marauder  
  123  9:37  Ghost Academy, Medivac  
  129  9:40  Medivac  
  131  9:47  SCV x2, Sensor Tower  
  131  9:50  Marine x2  
  135  9:53  Widow Mine x2  
  141  10:04  Marine x2  
  141  10:06  Bunker  
  137  10:08  Supply Depot  
  137  10:10  Supply Depot  
  137  10:15  Ghost x3  
  137  10:16  Widow Mine x2, Enhanced Shockwaves  
  140  10:22  Medivac  
  140  10:25  Refinery  
  140  10:26  Refinery  
  140  10:28  Supply Depot, SCV  
  143  10:29  Supply Depot, Marine  
  143  10:31  Marine x2  
  143  10:32  Marine  
  147  10:41  Medivac  
  149  10:44  Marauder, Marine x2  
  149  10:48  Marine  
  154  10:52  Medivac  
  142  10:58  Widow Mine x2  
  142  11:02  Marauder x2, Marine x3  
  153  11:06  Marauder  
  155  11:11  Armory  
  155  11:12  Engineering Bay  
  155  11:14  Command Center  
  151  11:20  Viking  
  151  11:22  Widow Mine x2, Marine  
  151  11:23  Ghost  
  151  11:24  Marauder  
  162  11:27  Marine x2  
  162  11:28  Ghost  
  166  11:36  Marine  
  165  11:40  Marine  
  165  11:45  Marauder  
  168  11:51  Viking x2  
  168  11:52  Marauder, Marine  
  168  11:53  Marine x2  
  177  11:59  Terran Infantry Armor Level 2, Terran Infantry Weapons Level 2  
  177  12:09  Marauder  
  177  12:11  Marauder  
  177  12:12  Marine  
  181  12:19  Marine  
  181  12:25  Marine x2, Ghost  
  181  12:26  Widow Mine x2  
  189  12:30  Marine  
  189  12:31  Marine, Ghost  
  185  12:43  Marine x2  
  181  12:46  Medivac x2  
  181  12:47  Widow Mine x2  
  181  12:48  Marauder  
  191  12:54  Marauder  
  191  12:56  Marine  
  191  12:57  Marine  
  195  13:01  Marauder  
  162  13:15  Ghost x2  
  162  13:16  Medivac x2  
  170  13:22  Marauder  
  158  13:27  Planetary Fortress  
  158  13:32  Marine x2  
  155  13:42  Barracks x2  
  155  13:43  SCV x2, Marauder, Barracks  
  155  13:44  Marauder x2  
  163  13:53  Marine  
  162  13:56  Widow Mine x2  
  162  14:01  Refinery  
  162  14:02  Refinery, Marine x2  
  166  14:04  Marine  
  166  14:05  Medivac x2, Marauder  
  166  14:06  Marauder x2  
  163  14:11  Marine  
  163  14:19  Marine x2  
  163  14:21  Marine  
  160  14:25  Ghost  
  160  14:27  Marauder x2  
  160  14:28  Marine  
  154  14:37  Marine x2  
  135  14:47  Barracks Reactor, Barracks Tech Lab  
  135  14:48  Barracks Tech Lab, Marauder  
  135  14:49  Marauder  
  135  14:54  Ghost  
  137  15:02  Marine x2  
  137  15:04  Widow Mine x2  
  143  15:07  Ghost  
  143  15:09  Ghost x2  
  143  15:10  Marauder  
  151  15:23  Marauder  
  151  15:24  Marine x3  
  151  15:25  Marine  
  151  15:27  Marine x2  
  155  15:30  Ghost  
  155  15:33  Widow Mine x2  
  161  15:36  Ghost  
  161  15:38  Marauder, Marine  
  166  15:44  Marauder, Marine x2  
  166  15:45  Marine  
  161  15:53  Marine x2  
  161  15:56  Medivac x2, Widow Mine x2  
  167  15:57  Marauder  
  167  16:00  Marauder x2  
  167  16:01  Marine  
  170  16:04  Ghost  
  170  16:06  Marauder  
  170  16:10  Marine  
  170  16:11  Marine  
  172  16:13  Marine x2  
Show
View Real Time Build Order
Export as new Build Order

ShoWTimE Protoss 

Build Orders:  

Get SALT Encoding   

  12  0:00  Probe  
  13  0:12  Probe  
  14  0:16  Pylon  
  14  0:24  Probe  
  15  0:34  Gateway  
  15  0:37  Probe  
  16  0:46  Pylon  
  16  0:49  Probe  
  17  0:54  Assimilator  
  17  1:05  Gateway  
  17  1:08  Probe  
  18  1:20  Probe  
  18  1:22  Cybernetics Core  
  19  1:26  Zealot (Chrono Boost)  
  19  1:32  Probe  
  22  1:44  Probe  
  23  1:56  Stalker (Chrono Boost)  
  27  2:06  Adept (Chrono Boost)  
  27  2:08  Warp Gate  
  27  2:10  Pylon  
  26  2:23  Adept (Chrono Boost)  
  30  2:42  Adept (Chrono Boost)  
  30  2:46  Probe  
  29  2:53  Nexus  
  29  2:56  Adept  
  31  2:59  Probe  
  32  3:07  Assimilator  
  32  3:11  Probe  
  33  3:22  Twilight Council  
  33  3:23  Probe  
  34  3:35  Probe  
  35  3:43  Pylon  
  35  3:47  Probe  
  36  3:51  Robotics Facility  
  36  4:00  Stalker  
  36  4:01  Probe (Chrono Boost)  
  39  4:06  Probe (Chrono Boost)  
  40  4:15  Probe (Chrono Boost)  
  40  4:16  Probe (Chrono Boost)  
  42  4:18  Gateway  
  42  4:20  Probe (Chrono Boost)  
  42  4:22  Gateway, Blink (Chrono Boost)  
  42  4:23  Probe  
  44  4:32  Probe  
  44  4:35  Probe  
  46  4:41  Observer  
  46  4:44  Probe  
  48  4:47  Probe  
  48  4:49  Assimilator  
  48  4:51  Stalker  
  51  4:57  Probe  
  53  5:00  Probe, Stalker  
  53  5:06  Pylon  
  55  5:09  Probe  
  55  5:12  Probe  
  57  5:15  Stalker x2  
  57  5:21  Probe  
  62  5:24  Probe  
  62  5:26  Pylon  
  63  5:29  Observer  
  63  5:33  Probe  
  65  5:36  Probe, Pylon  
  65  5:42  Assimilator  
  66  5:45  Probe  
  66  5:48  Probe  
  68  5:50  Templar Archives  
  68  5:58  Probe  
  68  6:00  Probe  
  70  6:08  Charge, Pylon  
  70  6:09  Psionic Storm  
  70  6:10  Nexus  
  70  6:14  Gateway x2  
  69  6:26  Probe x2  
  69  6:30  Warp Prism  
  73  6:36  High Templar  
  76  6:40  Shield Battery, Probe x2  
  77  6:49  High Templar  
  77  6:52  Probe x2  
  81  6:55  Pylon  
  81  7:03  High Templar  
  81  7:04  Gateway x2, Probe x2  
  85  7:15  Pylon  
  85  7:16  Probe  
  85  7:17  High Templar  
  85  7:19  Probe  
  85  7:22  Probe  
  89  7:25  Zealot x2, Stalker  
  89  7:28  Probe  
  96  7:31  Probe  
  96  7:33  Sentry  
  96  7:34  Probe  
  96  7:35  Shield Battery  
  100  7:40  Probe  
  100  7:41  Zealot, Pylon  
  103  7:45  Pylon  
  103  7:48  Stalker x2  
  107  7:52  Pylon  
  107  7:53  Observer  
  107  7:54  Stalker  
  107  7:59  Stalker  
  107  8:01  Probe x3  
  111  8:11  Zealot x4  
  119  8:13  Observer (Chrono Boost), Probe  
  119  8:18  Zealot x2  
  125  8:22  Zealot  
  125  8:30  Pylon  
  121  8:34  Zealot x4  
  123  8:46  Stalker x2  
  113  8:56  Zealot x4  
  113  8:59  Zealot  
  113  9:02  Pylon  
  121  9:03  Pylon  
  115  9:11  Archon  
  115  9:12  Zealot x2  
  109  9:17  High Templar x3  
  111  9:24  Probe  
  111  9:25  Probe x2  
  111  9:30  High Templar  
  116  9:32  Zealot x2, Sentry  
  116  9:36  Probe  
  116  9:37  Probe x2, Forge  
  125  9:39  Gateway  
  125  9:40  Gateway  
  125  9:46  Assimilator  
  125  9:49  Probe x2  
  125  9:50  Observer  
  125  9:51  Assimilator  
  127  9:57  Zealot x6  
  135  10:05  Zealot  
  133  10:08  Protoss Ground Weapons Level 1 (Chrono Boost)  
  133  10:19  Stalker x6  
  143  10:24  Photon Cannon  
  143  10:28  Photon Cannon  
  143  10:34  Pylon  
  143  10:35  Photon Cannon  
  142  10:37  Zealot x2  
  142  10:42  Stalker  
  148  10:46  Stalker  
  149  10:56  Zealot x3  
  153  11:03  Zealot x2  
  157  11:09  Pylon  
  151  11:22  Zealot x5  
  157  11:27  High Templar x4  
  161  11:33  Archon x2  
  161  11:52  Stalker x2  
  161  11:53  Nexus  
  165  11:55  Pylon  
  165  11:57  Pylon  
  165  11:59  Pylon  
  165  12:00  Protoss Ground Armor Level 1 (Chrono Boost)  
  157  12:17  Probe x3  
  157  12:21  Robotics Facility  
  160  12:23  Stalker x5  
  160  12:25  Zealot  
  172  12:32  Probe x2  
  172  12:33  Probe  
  172  12:35  High Templar x3  
  169  12:53  Zealot x5  
  169  12:55  Shield Battery  
  179  13:05  Archon  
  160  13:12  Warp Prism  
  142  13:14  Observer  
  142  13:16  Zealot x7  
  148  13:33  High Templar x2  
  148  13:39  Zealot x7  
  163  13:48  Observer  
  153  14:03  Protoss Ground Armor Level 2 (Chrono Boost), Zealot x7  
  167  14:10  Observer  
  160  14:20  Stalker x2  
  160  14:23  Stalker x2  
  133  14:38  Zealot, High Templar x4  
  121  14:40  Probe  
  106  14:47  High Templar x3  
  108  14:53  Archon x2, Robotics Bay  
  108  14:54  Probe x2  
  108  14:55  Photon Cannon, Probe  
  108  14:56  Probe  
  108  14:58  Zealot x2  
  116  15:07  Robotics Facility, Warp Prism (Chrono Boost)  
  116  15:11  Zealot x4  
  126  15:17  Pylon  
  126  15:21  Nexus  
  126  15:23  Probe x2  
  126  15:24  Probe x2  
  126  15:27  Zealot x2  
  130  15:32  Zealot  
  130  15:34  High Templar x2  
  130  15:35  Probe  
  131  15:54  Archon x2  
  131  15:55  Zealot x5  
  95  16:20  Stalker x3  
  95  16:22  Archon  
  95  16:23  Zealot x2  
  87  16:28  Zealot x2  
  72  16:33  Zealot  
  72  16:35  Zealot  
Tags
 
Add a new tag
Caveats
  • Supply blocks, unpowered buildings, or Contaminate may cause inaccurate times.
  • Supply counts are checked every 10 seconds.